Markus, chaotic male human Samurai ... -...- --.... ---....... ..@G......^.|. --- ....--.%....... |..|---- ----..---.......... |..--..--......-- ... -............-- -.. |^........---- ... |.- --.--.....-- ..--|.-- ------.....| ...|-..- |.....| --<-|..^. ---.-- ...--.--- ......| ------ Markus the Ronin Experience level: 4 Strength: 12 Dexterity: 13 Constitution: 18 Intelligence: 14 Wisdom: 11 Charisma: 7 Health: 0(38) Energy: 18(18) Def: 7 Gold: 103 Moves: 1631 Dungeon seed: HRskrXBlzAyfGsHf Game ID: Markus_1576594297 Your Inventory: Coins $ - 103 gold pieces Weapons a - a +0 katana (weapon in hand) b - a +0 wakizashi (alternate weapon; not wielded) c - a +0 yumi d - 31 +0 ya (in quiver) j - 5 +0 darts m - a cursed +0 dagger D - 6 +0 arrows E - a +0 bow Armor e - an uncursed rustproof +0 splint mail (being worn) q - an uncursed +0 pair of high boots r - a cursed +0 helm of opposite alignment (being worn) y - an uncursed +1 Hawaiian shirt z - an uncursed +0 pair of levitation boots Comestibles p - an uncursed gunyoki Scrolls g - an uncursed scroll of identify k - an uncursed scroll of magic mapping t - an uncursed scroll of identify v - a cursed scroll of identify x - an uncursed scroll of blank paper Spellbooks i - an uncursed spellbook of sleep Potions o - an uncursed potion of paralysis B - a potion of unholy water Rings u - an uncursed +2 ring of gain strength Tools f - an uncursed tin whistle A - an uncursed tallow candle (0:200) C - an uncursed stethoscope Gems n - an uncursed worthless piece of yellow glass Spells and supernatural/magical abilities: Name Level Category Fail Memory W - pray for help -- divine ? -- Your skills at the end: Fighting Skills martial arts [Basic] Weapon Skills short sword [Basic] long sword [Basic] bow [Basic] Spellcasting Skills Final Attributes: You were piously aligned. You were fast. You are dead. Vanquished creatures: a small mimic a gnome lord a paper golem a dwarf a giant bat 2 hobbits a large kobold 3 gnomes 2 geckos 2 kobolds 2 sewer rats 8 grid bugs a lichen 3 newts 29 creatures vanquished. Voluntary challenges: You used a wielded weapon 50 times, starting on turn 298. You were illiterate. You never genocided any monsters. You never polymorphed an object. You never changed form. You used no wishes. You never split a pudding. You never wrote Elbereth's name. You never violated your personal moral code. Dungeon overview: The Dungeons of Doom: levels 1 to 4 Level 1 a long staircase Level 2 an armor shop Level 3 a general store, a fountain Level 4 stairs to The Gnomish Mines The Gnomish Mines: levels 5 to 6 Level 5 stairs to The Dungeons of Doom Level 6 <- You were here History has recorded: On T:1 you entered the Dungeons of Doom to retrieve the Amulet of Yendor! On T:395 you reached level 2 of The Dungeons of Doom. On T:751 you reached level 3 of The Dungeons of Doom. On T:791 you advanced to experience level 2. On T:1051 you advanced to experience level 3. On T:1199 you advanced to experience level 4. On T:1264 you reached level 4 of The Dungeons of Doom. On T:1451 you reached level 1 of The Gnomish Mines. On T:1471 you reached level 2 of The Gnomish Mines. Score breakdown: Gold: 103 ( 6861 points) Experience: 4 levels ( 9649 points) Exploration: 6 levels ( 11.54%) ( 9393 points) Discoveries: 7 items ( 2.85%) ( 5060 points) Valuables value: (no points given unless you survive) Artifact value: 0 ( 0 points) Variety of kills: 14 monsters ( 3.67%) ( 5750 points) Turncount: 1631 turns ( 0 points) Survival: died (score multiplied by 80%) Total score: 29370 Latest messages: The gnome misses. You miss the gnome. You kill the gnome! You see here a gnome corpse. This gnome corpse tastes terrible! It is hit. You stop eating. You hear a chugging sound. You resume your meal. It is missed. You stop eating. You are almost hit by a dagger. It hits! You hit it. You miss it. It hits! You miss it. You attack thin air. There are a few objects here. You hit the gnome lord. The gnome lord thrusts his dagger. The gnome lord hits! You die... Final status: Sayonara Markus the Samurai, killed by a gnome lord... You died in The Gnomish Mines on dungeon level 6 with 29370 points, and 103 pieces of gold, after 1631 moves. You were level 4 with a maximum of 38 hit points when you died.